 Dungeon Crawl Stone Soup version 0.31-a0-408-gb642c7f9a3 (webtiles) character file.

Game seed: 10516431914588347787

5186 lindul the Severer (level 10, -4/77 HPs)
             Began as a Minotaur Berserker on July 29, 2023.
             Was a Priest of Trog.
             Slain by a death yak (17 damage)
             ... on level 9 of the Dungeon.
             The game lasted 01:00:42 (7916 turns).

lindul the Severer (Minotaur Berserker)             Turns: 7916, Time: 01:00:42

Health: -4/77      AC: 15    Str: 27    XL:     10   Next: 34%
Magic:  9/9        EV:  8    Int:  4    God:    Trog [***...]
Gold:   290        SH:  0    Dex:  9    Spells: 9/9 levels left

rFire   . . .        i - +1 hand axe (elec)
rCold   . . .        (no shield)
rNeg    . . .        x - +0 plate armour
rPois   .            (helmet restricted)
rElec   .            m - +0 cloak
rCorr   .            (no gloves)
SInv    .            (no boots)
Will    .....        r - amulet of regeneration Stlth
                     d - ring of flight
HPRegen 1.12/turn    (no ring)
MPRegen 0.11/turn

%: no passive effects
@: on berserk cooldown, flying, slowed, very slow
A: horns 2, retaliatory headbutt, iridescent scales 1, thin skeletal structure
1, clumsy 1, sturdy frame 1
a: Renounce Religion, Berserk, Trog's Hand


You were on level 9 of the Dungeon.
You worshipped Trog.
Trog was most pleased with you.
You visited 2 branches of the dungeon, and saw 10 of its levels.

You collected 575 gold pieces.
You spent 285 gold pieces at shops.

Inventory:

Hand Weapons
 b - a +1 spectral battleaxe
 i - a +1 hand axe of electrocution (weapon)
Missiles
 n - 88 stones (quivered)
Armour
 j - a +0 plate armour
 m - a +0 cloak (worn)
 x - a +0 plate armour (worn)
Jewellery
 d - a ring of flight (left hand)
 r - an amulet of regeneration (around neck)
 s - an amulet of reflection
Wands
 l - a wand of digging (1)
 v - a wand of paralysis (7)
Scrolls
 g - 2 scrolls of blinking
 p - 3 scrolls of teleportation
 t - 2 scrolls of fog
 w - 3 scrolls of identify {unknown}
Potions
 a - 3 potions of resistance {unknown}
 c - a potion of cancellation
 e - 3 potions of curing
 f - a potion of berserk rage {unknown}
 h - 3 potions of mutation
 k - 3 potions of heal wounds
 o - 5 potions of attraction {unknown}
 q - a potion of magic {unknown}
 u - a potion of might


   Skills:
 - Level 3.6 Fighting
 + Level 17.3 Axes
 - Level 6.0 Armour
 - Level 2.1 Dodging


You had 9 spell levels left.
You didn't know any spells.
Your spell library was empty.

Dungeon Overview and Level Annotations

Branches:
Dungeon (9/15)             Temple (1/1) D:5            Lair (0/5) D:9
    Orc: D:9-12

Altars:
Ashenzari
Cheibriados
Dithmenos
Elyvilon
Fedhas
Gozag
Hepliaklqana
Kikubaaqudgha
Makhleb
Nemelex Xobeh
Okawaru
Qazlal
Ru
Sif Muna
Trog
Uskayaw
Vehumet
Wu Jian
Xom
Yredelemnul
Zin
The Shining One

Shops:
D:4 *   D:5 :


Innate Abilities, Weirdness & Mutations

You have a pair of horns on your head.
You reflexively headbutt those who attack you in melee.
You are partially covered in iridescent scales. (AC +2)
You have a somewhat thin skeletal structure. (Dex +2, Stealth+)
You are clumsy. (Dex -2)
Your movements are slightly less encumbered by armour. (ER -2)


Message History

You hit the death yak.
You kill the death yak!
Trog accepts your kill.
Your Axes skill increases to level 17!
You slash the death yak!
The death yak is lightly wounded.
You hit the death yak.
You headbutt the death yak, but do no damage.
The death yak is lightly wounded.
You hit the death yak.
Lightning courses through the death yak!
The death yak is moderately wounded.
The death yak gores you!
* * * LOW HITPOINT WARNING * * *
You hit the death yak.
The death yak is moderately wounded.
You hit the death yak.
The death yak is heavily wounded.
The death yak gores you but does no damage.
You feel a strong urge to attack something.
You are no longer berserk.
You are exhausted.
You feel yourself slow down. The death yak gores you!
* * * LOW HITPOINT WARNING * * *
The death yak gores you but does no damage.
You barely miss the death yak.
The death yak is heavily wounded.
The death yak gores you!
* * * LOW HITPOINT WARNING * * *
You hit the death yak.
Lightning courses through the death yak!
Your headbutt misses the death yak.
The death yak is severely wounded.
The death yak attacks as you move away!
The death yak gores you but does no damage.
The death yak completely misses you.
The death yak snorts and paws the ground.
The death yak gores you!
You die... ......# ..# ....>.. ..# ....... #.# ......Y #.# ..... #.# K.K

#.#
#K######.#
#.†K.YYYY#
########@##
#..## ##..#
##.# #.# #
#.# ## #.##
§##### #..#
.§...# ##.#


You could see 4 death yaks, a kobold brigand and a kobold.

Vanquished Creatures
  2 death yaks (D:9)
  Pikel (D:4)
  An unseen horror (D:9)
  A troll (D:9)
  Grinder (D:4)
  A yak (D:8)
  Menkaure (D:4)
  The ghost of CraigForest the Insei, an amateur DgSh (D:4)
  2 water moccasins
  An orc warrior (D:8)
  A black bear (D:8)
  2 ice beasts
  A sky beast (D:8)
  4 centaurs
  2 lemures (D:4)
  2 kobold brigands (D:8)
  Blork the orc (D:6)
  A bullfrog (D:8)
  3 gnoll sergeants
  3 wights (D:8)
  4 howler monkeys
  7 hounds
  A jelly (D:4)
  3 orc priests
  A gnoll bouda (D:8)
  4 iguanas
  4 orc wizards
  5 sleepcaps
  12 gnolls
  8 adders
  A river rat (D:4)
  A shadow imp (D:7)
  A white imp (D:5)
  2 dart slugs
  37 orcs
  8 endoplasms
  3 giant cockroaches
  6 goblins
  9 hobgoblins
  2 quokkas
  3 ball pythons
  4 bats (D:1)
  5 frilled lizards
  6 kobolds
  5 rats
174 creatures vanquished.

Vanquished Creatures (collateral kills)
  A gnoll (D:8)
1 creature vanquished.

Grand Total: 175 creatures vanquished

Notes
Turn   | Place    | Note
-------+----------+-------------------------------------------
     0 | D:1      | lindul the Minotaur Berserker began the quest for the Orb.
     0 | D:1      | Reached XP level 1. HP: 19/19 MP: 0/0
    49 | D:1      | Reached skill level 4 in Axes
   149 | D:1      | Reached XP level 2. HP: 26/26 MP: 1/1
   582 | D:1      | Reached skill level 5 in Axes
  1016 | D:2      | Found an ancient bone altar of Kikubaaqudgha.
  1073 | D:2      | Reached XP level 3. HP: 31/31 MP: 2/2
  1777 | D:3      | Reached ** piety under Trog
  1783 | D:3      | Reached XP level 4. HP: 38/39 MP: 3/3
  1787 | D:3      | Reached skill level 6 in Axes
  1856 | D:3      | Found a stormy altar of Qazlal.
  2302 | D:3      | Found a faded altar of an unknown god.
  2469 | D:4      | Noticed Grinder
  2610 | D:4      | Found a runed translucent door.
  2611 | D:4      | Noticed CraigForest's ghost (amateur DgSh)
  2630 | D:4      | Killed CraigForest's ghost
  2631 | D:4      | Reached skill level 7 in Axes
  2631 | D:4      | Reached XP level 5. HP: 34/45 MP: 4/4
  2644 | D:4      | Found a runed translucent door.
  2758 | D:4      | Reached skill level 8 in Axes
  2776 | D:4      | Reached XP level 6. HP: 42/51 MP: 5/5
  2787 | D:4      | Killed Grinder
  2788 | D:4      | Reached skill level 9 in Axes
  2840 | D:4      | Noticed Menkaure
  2843 | D:4      | Noticed Pikel
  2862 | D:4      | Killed Menkaure
  2863 | D:4      | Reached skill level 10 in Axes
  2863 | D:4      | Reached XP level 7. HP: 44/57 MP: 6/6
  2873 | D:4      | Killed Pikel
  2874 | D:4      | Reached skill level 5 in Armour
  3288 | D:4      | Found Ryniekinwu's Assorted Antiques.
  3300 | D:4      | Bought a troll leather armour for 285 gold pieces
  3506 | D:4      | Identified a scroll of acquirement
  3506 | D:4      | Acquired a +0 heavy battleaxe
  3536 | D:4      | Gained mutation: You are clumsy. (Dex -2) [potion of
                  | mutation]
  3536 | D:4      | Gained mutation: You have a somewhat thin skeletal
                  | structure. (Dex +2, Stealth+) [potion of mutation]
  3536 | D:4      | Gained mutation: Your movements are slightly less
                  | encumbered by armour. (ER -2) [potion of mutation]
  3536 | D:4      | Gained mutation: You are partially covered in iridescent
                  | scales. (AC +2) [potion of mutation]
  3591 | D:5      | Entered Level 5 of the Dungeon
  3630 | D:5      | Found Hoihuti's Book Shoppe.
  3789 | D:5      | Reached XP level 8. HP: 41/64 MP: 7/7
  3986 | D:5      | Found a shimmering altar of Xom.
  4215 | D:5      | Reached skill level 11 in Axes
  4265 | D:5      | Reached *** piety under Trog
  4442 | D:5      | Found a staircase to the Ecumenical Temple.
  4515 | D:5      | Identified the +10 shortbow "Qinuc" {heavy, Will+ Str+2}
  4527 | D:5      | Found a sacrificial altar of Ru.
  4571 | D:5      | Identified the +3 hand axe "Faiwu" {holy, Str+3}
  4666 | D:5      | Found a hide-covered altar of Uskayaw.
  4687 | D:5      | Found a hazy altar of Hepliaklqana.
  4886 | D:6      | Reached skill level 12 in Axes
  4915 | D:6      | Noticed Blork the orc
  4929 | D:6      | Killed Blork the orc
  4930 | D:6      | Reached skill level 13 in Axes
  4961 | D:6      | Reached XP level 9. HP: 53/70 MP: 8/8
  5152 | Temple   | Entered the Ecumenical Temple
  5895 | D:7      | Paralysed by an orc for 5 turns
  6374 | D:8      | Reached skill level 14 in Axes
  6567 | D:8      | Reached **** piety under Trog
  6644 | D:8      | Found an opulent altar of Gozag.
  6786 | D:8      | Reached skill level 15 in Axes
  7142 | D:8      | Found a shimmering blue altar of Sif Muna.
  7313 | D:8      | Found a white marble altar of Elyvilon.
  7607 | D:9      | Found a shadowy altar of Dithmenos.
  7741 | D:9      | Reached skill level 16 in Axes
  7741 | D:9      | Noticed a troll
  7752 | D:9      | Killed a troll
  7853 | D:9      | Noticed a death yak
  7853 | D:9      | Noticed a death yak
  7853 | D:9      | Noticed a death yak
  7855 | D:9      | Noticed a death yak
  7855 | D:9      | Noticed a death yak
  7856 | D:9      | Found a staircase to the Lair.
  7856 | D:9      | Noticed a death yak
  7856 | D:9      | Noticed a death yak
  7872 | D:9      | Killed a death yak
  7873 | D:9      | Reached XP level 10. HP: 71/77 MP: 9/9
  7901 | D:9      | Killed a death yak
  7902 | D:9      | Reached skill level 17 in Axes
  7916 | D:9      | Slain by a death yak

Illustrated notes

Levels and vault maps discovered:
D:1:      amcnicky_arrival_gap_in_the_tavern_cellar, layout_loops_ring,
          st_stairs_13, chequers_decorated_corner,
          hangedman_abyss_or_decor_lesser_grid
D:2:      layout_basic, basic_altar
D:3:      layout_rooms, mainiacjoe_overflow_brackets,
          hellmonk_ecumenical_altar_leap_of_faith
D:4:      layout_loops_cross, serial_shops, nicolae_shop_dealshenge,
          ebering_ghost_sewer_f, minmay_goblin_outpost, uniq_grinder,
          uniq_pikel, uniq_menkaure
D:5:      layout_cave_pools, xom_teletrap_fun, nicolae_ru_the_path_less_chosen,
          amethyst_overflow_temple_binary, minmay_temple_entry_glassed_door,
          serial_shops, shop, minmay_fractal_squares_gapless_5
D:6:      layout_rooms, nrook_mini_backslash, uniq_blork_the_orc
D:7:      layout_loops_cross
D:8:      minmay_general_purpose_star, layout_cave_pods,
          mainiacjoe_overflow_surrounded_room, lemuel_tele_altar, serial_park,
          serial_park_tiny_1, serial_park_tiny_pond, serial_park_tiny_2,
          serial_park_gazebo [serial_park_minivault_5x5_5]
D:9:      layout_roguey, nicolae_dithmenos_the_darkroom, dpeg_lair_monsters
Temple:   nicolae_temple_ecumenical_triangle

Skill      XL: |  1  2  3  4  5  6  7  8  9 10 |
---------------+-------------------------------+-----
Axes           | 4 5 7 8 10 13 16 17 | 17.3
Armour         | 6 |  6.0
Fighting       | |  3.6
Dodging        | |  2.1

Action                     |  1- 3 |  4- 6 |  7- 9 | 10-12 || total
---------------------------+-------+-------+-------+-------++-------
  Melee: Hand axe          |    75 |    68 |   408 |    28 ||   579
         Headbutt          |    12 |    16 |    79 |     5 ||   112
         Punch             |       |       |     6 |     1 ||     7
  Throw: Stone             |       |     1 |       |       ||     1
 Invoke: Berserk           |       |     2 |     2 |     1 ||     5
         Trog's Hand       |       |     1 |     1 |       ||     2
         Brothers in Arms  |       |       |     1 |       ||     1
    Use: Scroll            |     4 |     2 |     6 |       ||    12
         Potion            |       |       |     5 |       ||     5
 Armour: Animal skin       |    11 |       |       |       ||    11
         Ring mail         |     4 |       |       |       ||     4
         Chain mail        |     9 |    23 |   167 |       ||   199
         Plate armour      |       |       |    22 |    14 ||    36
  Dodge: Dodged            |    48 |    26 |   156 |     6 ||   236

Table legend: (Time is in decaauts)
 A = Elapsed time spent in this place.
 B = Non-inter-level travel time spent in this place.
 C = Inter-level travel time spent in this place.
 D = Time resting spent in this place.
 E = Time spent auto-exploring this place.
 F = Levels seen in this place.
 G = Mean time per level.
                   A        B        C        D        E       F      G
               +--------+--------+--------+--------+--------+-----+--------+
         Total |   7804 |   7253 |    551 |    453 |   3100 |  10 |  780.4 |
       Dungeon |   7756 |   7205 |    551 |    453 |   3100 |   9 |  861.8 |
        Temple |     47 |     47 |      0 |      0 |      0 |   1 |   47.0 |
               +--------+--------+--------+--------+--------+-----+--------+

Top non-repeatable levels by time:
     D:8: 1239 daAuts
     D:5: 1221 daAuts
     D:4: 1156 daAuts
     D:1: 869 daAuts
     D:2: 854 daAuts
     D:3: 827 daAuts
     D:7: 716 daAuts
     D:6: 530 daAuts
     D:9: 341 daAuts
  Temple: 47 daAuts
